 Dungeon Crawl Stone Soup version 0.31-a0-995-g04711c9635 (webtiles) character file.

Game seed: 18252604832706191052

676 BinkBink the Magician (level 7, -3/36 HPs)
             Began as a Deep Elf Air Elementalist on Nov 6, 2023.
             Slain by Prince Ribbit (16 damage)
             ... on level 5 of the Dungeon.
             The game lasted 00:11:07 (5264 turns).

BinkBink the Magician (Deep Elf Air Elementalist)   Turns: 5264, Time: 00:11:10

Health: -3/36      AC:  3    Str:  5    XL:     7   Next: 33%
Magic:  9/19       EV: 12    Int: 22    God:
Gold:   481        SH:  5    Dex: 15    Spells: 9/19 levels left

rFire   . . .        (no weapon)
rCold   . . .        (no shield)
rNeg    . . .        a - +0 robe
rPois   .            l - +1 hat
rElec   .            (no cloak)
rCorr   .            (no gloves)
SInv    .            (no boots)
Will    .....        s - amulet of reflection
Stlth   ++           (no ring)
HPRegen 0.26/turn    (no ring)
MPRegen 0.16/turn

%: reflection
@: swift, very slightly contaminated, very quick
A: no striking features
a: no special abilities


You were on level 5 of the Dungeon.
You visited 1 branch of the dungeon, and saw 5 of its levels.
You also visited: Ossuary.

You collected 481 gold pieces.

Inventory:

Armour
 a - a +0 robe (worn)
 l - a +1 hat (worn)
Jewellery
 s - an amulet of reflection (around neck)
 x - an amulet of magic regeneration
Wands
 p - a wand of flame (28)
 y - a wand of acid (7)
Scrolls
 c - 2 scrolls of enchant weapon {unknown}
 d - 2 scrolls of identify {unknown}
 g - a scroll of fear {unknown}
 k - a scroll of torment {unknown}
 m - 2 scrolls of teleportation {unknown}
 q - a scroll of amnesia {unknown}
 r - a scroll of vulnerability {unknown}
 t - a scroll of blinking {unknown}
 u - 2 scrolls of poison {unknown}
 v - a scroll of immolation {unknown}
Potions
 b - a potion of magic
 e - a potion of haste {unknown}
 f - 3 potions of heal wounds {unknown}
 h - 2 potions of berserk rage {unknown}
 i - 4 potions of lignification {unknown}
 j - 4 potions of might {unknown}
 n - 4 potions of curing {unknown}
 o - a potion of enlightenment {unknown}
 w - 3 potions of attraction {unknown}
 z - a potion of invisibility {unknown}


   Skills:
 - Level 2.4 Dodging
 - Level 2.4 Stealth
 + Level 6.8 Spellcasting
 + Level 5.1 Conjurations
 + Level 5.4 Air Magic


You had 9 spell levels left.
You knew the following spells:

 Your Spells              Type           Power      Damage    Failure   Level
a - Shock                 Conj/Air       100%       1d9       1%          1
b - Static Discharge      Conj/Air       60%        3-6/arc   1%          2
c - Swiftness             Air            31%        N/A       2%          3
d - Airstrike             Air            15%        2d(3-19)  9%          4

Your spell library contained the following spells:

 Spells                   Type           Power      Damage    Failure   Level
 Inner Flame              Hex/Fire       7%         N/A       26%         3
 Flame Wave               Conj/Fire      18%        2d7       28%         4
 Sticky Flame             Conj/Fire      18%        2d4       28%         4
 Chain Lightning          Conj/Air       15%        3d20      100%        9
 Fire Storm               Conj/Fire      9%         8d2       100%        9
 Shatter                  Erth           3%         3d7*      100%        9


Dungeon Overview and Level Annotations

Branches:
Dungeon (5/15)            Ossuary (visited)
 Temple: D:4-7

Altars:
Gozag
Nemelex Xobeh

Shops:
D:1 [

Annotations:
D:2 1 runed translucent door, Crazy Yiuf
D:3 2 runed translucent doors
D:5 Prince Ribbit


Message History

Aiming: Shock (safe; 1% risk of failure)
Press: ? - help, Shift-Dir - straight line, f/p - Prince Ribbit
Aim: Prince Ribbit (lightly wounded, 54% to hit)
The zap hits Prince Ribbit.
Prince Ribbit is lightly wounded.
Casting: Shock (safe; 1% risk of failure)
Confirm with . or Enter, or press ? or * to list all spells.
You feel quick.
Prince Ribbit blinks!
Casting: Swiftness (dangerous; 2% risk of failure)
Confirm with . or Enter, or press ? or * to list all spells.
Aiming: Shock (safe; 1% risk of failure)
Press: ? - help, Shift-Dir - straight line, f/p - Prince Ribbit
Aim: Prince Ribbit (lightly wounded, 54% to hit)
The zap hits Prince Ribbit.
Prince Ribbit is moderately wounded.
Casting: Shock (safe; 1% risk of failure)
Confirm with . or Enter, or press ? or * to list all spells.
Aiming: Shock (safe; 1% risk of failure)
Press: ? - help, Shift-Dir - straight line, f/p - Prince Ribbit
Aim: Prince Ribbit (moderately wounded, 54% to hit)
The zap hits Prince Ribbit.
Prince Ribbit is moderately wounded.
Prince Ribbit catches a butterfly with his tongue.
Prince Ribbit blinks!
Casting: Shock (safe; 1% risk of failure)
Confirm with . or Enter, or press ? or * to list all spells.
Prince Ribbit is struck by an arc of lightning.
Prince Ribbit is heavily wounded.
You are struck by an arc of lightning.
Prince Ribbit is struck by an arc of lightning!
Prince Ribbit is severely wounded.
You are struck by an arc of lightning.
The lightning grounds out.
Prince Ribbit hits you!
Casting: Static Discharge (safe; 1% risk of failure)
Confirm with . or Enter, or press ? or * to list all spells.
You miscast Static Discharge.
You are very lightly contaminated with residual magic.
Nothing appears to happen.
You block Prince Ribbit's attack. Prince Ribbit hits you!
You die...

#.# #.#
#.### #.#..
#.#.# #.#.#
#F#.# #@#.#
#.#.#####.#.
#...........
####
###.#####.#.
.... #.#
.... #.#
#### #.####
#....#
####.#


You could see Prince Ribbit.

Vanquished Creatures
  2 ogres (D:4)
  Blork the orc (D:4)
  A scorpion (D:5)
  2 orc priests (D:5)
  An iguana (D:5)
  Jessica (D:3)
  Natasha (twice) (D:4)
  8 mummies (Ossuary)
  4 adders
  2 worms
  A dart slug (D:2)
  7 orcs
  7 bats
  8 endoplasms
  4 giant cockroaches
  12 goblins
  3 hobgoblins
  3 jackals (D:2)
  A quokka (D:3)
  6 ball pythons
  4 frilled lizards
  A gnoll zombie (Ossuary)
  4 hobgoblin zombies (Ossuary)
  5 kobolds
  2 kobold zombies (Ossuary)
  An orc zombie (Ossuary)
  6 rats
99 creatures vanquished.

Notes
Turn   | Place    | Note
-------+----------+-------------------------------------------
     0 | D:1      | BinkBink the Deep Elf Air Elementalist began the quest for
                  | the Orb.
     0 | D:1      | Reached XP level 1. HP: 10/10 MP: 6/6
   308 | D:1      | Reached XP level 2. HP: 15/15 MP: 6/8
   868 | D:1      | Found Icac's Antique Armour Emporium.
   935 | D:1      | Found a faded altar of an unknown god.
  1491 | D:2      | Reached XP level 3. HP: 19/19 MP: 1/10
  1494 | D:2      | Learned a level 2 spell: Static Discharge
  1707 | D:2      | Found a runed translucent door.
  1708 | D:2      | Noticed Crazy Yiuf
  1870 | D:2      | Reached skill level 4 in Spellcasting
  1932 | D:2      | You fall into a shaft and drop 1 floor!
  1934 | D:3      | Found a large runed translucent door.
  1935 | D:3      | Found a large runed translucent door.
  2036 | D:3      | Noticed Jessica
  2039 | D:3      | Killed Jessica
  2040 | D:3      | Reached XP level 4. HP: 24/24 MP: 8/12
  3240 | D:3      | Learned a level 3 spell: Swiftness
  3264 | D:4      | Noticed Natasha
  3268 | D:4      | Killed Natasha
  3328 | D:4      | Noticed an ogre
  3348 | D:4      | Killed an ogre
  3349 | D:4      | Reached skill level 5 in Spellcasting
  3349 | D:4      | Reached XP level 5. HP: 28/28 MP: 6/14
  3425 | D:4      | Noticed Blork the orc
  3447 | D:4      | Killed Blork the orc
  3448 | D:4      | Reached XP level 6. HP: 31/32 MP: 4/16
  3568 | D:4      | Found a sand-covered staircase.
  3578 | Ossuary  | Entered an ossuary
  3584 | Ossuary  | Learned a level 4 spell: Airstrike
  4102 | D:4      | Reached skill level 6 in Spellcasting
  4102 | D:4      | Reached skill level 5 in Air Magic
  4447 | D:4      | Found an opulent altar of Gozag.
  4455 | D:4      | Found a sparkling altar of Nemelex Xobeh.
  4701 | D:4      | Noticed Natasha
  4707 | D:4      | Killed Natasha
  4708 | D:4      | Reached XP level 7. HP: 31/36 MP: 10/18
  4759 | D:5      | Entered Level 5 of the Dungeon
  4958 | D:5      | Reached skill level 5 in Conjurations
  5257 | D:5      | Noticed Prince Ribbit
  5264 | D:5      | Slain by Prince Ribbit

Illustrated notes

Levels and vault maps discovered:
D:1:      reono_arrival_mine, layout_basic, shapermc_ecumenical_altar_venn,
          serial_shops, nicolae_shop_just_a_little_nook
D:2:      layout_basic, guppyfry_early_lair_pool, uniq_crazy_yiuf_cottage
D:3:      layout_basic, jmf_multi_god_temple2, uniq_jessica
D:4:      cheibrodos_greedy_goblins, layout_rooms,
          grunt_temple_overflow_opulence, mainiacjoe_ossuary_entry_dusty_tomb,
          uniq_blork_the_orc, uniq_natasha
D:5:      layout_loops_ring, mainiacjoe_overflow_large_starburst,
          minmay_misc_feat_plants, minmay_shop_enchanted_jewellery,
          uniq_prince_ribbit1

Skill      XL: |  1  2  3  4  5  6  7 |
---------------+----------------------+-----
Conjurations   | 2 3 4 5 |  5.1
Spellcasting   | 4 5 6 |  6.8
Air Magic      | 4 5 |  5.4
Dodging        | |  2.4
Stealth        | |  2.4

Action                     |  1- 3 |  4- 6 |  7- 9 || total
---------------------------+-------+-------+-------++-------
   Cast: Shock             |    75 |   136 |    24 ||   235
         Static Discharge  |     2 |     5 |     5 ||    12
         Swiftness         |       |     2 |     1 ||     3
 Armour: Robe              |     3 |     9 |    11 ||    23
  Dodge: Dodged            |       |     6 |     1 ||     7
  Block: Other             |       |       |     1 ||     1

Table legend: (Time is in decaauts)
 A = Elapsed time spent in this place.
 B = Non-inter-level travel time spent in this place.
 C = Inter-level travel time spent in this place.
 D = Time resting spent in this place.
 E = Time spent auto-exploring this place.
 F = Levels seen in this place.
 G = Mean time per level.
                   A        B        C        D        E       F      G
               +--------+--------+--------+--------+--------+-----+--------+
         Total |   5262 |   5083 |    179 |    431 |   3986 |   6 |  877.0 |
       Dungeon |   4771 |   4592 |    179 |    157 |   3986 |   5 |  954.2 |
       Ossuary |    490 |    490 |      0 |    274 |      0 |   1 |  490.0 |
               +--------+--------+--------+--------+--------+-----+--------+

Top non-repeatable levels by time:
     D:1: 1560 daAuts
     D:4: 1134 daAuts
     D:2: 976 daAuts
     D:3: 728 daAuts
 Ossuary: 490 daAuts
     D:5: 372 daAuts
